 Dungeon Crawl Stone Soup version 0.20.1-1-g8b1a95d (webtiles) character file.

2643 KrissDaBro the Carver (level 9, -7/67 HPs)
             Began as a Barachi Skald on Oct 29, 2017.
             Was an Initiate of Makhleb.
             Mangled by an orc priest
             ... wielding a +0 flail
              (8 damage)
             ... on level 7 of the Dungeon.
             The game lasted 01:26:07 (11981 turns).

KrissDaBro the Carver (Barachi Skald)              Turns: 11981, Time: 01:26:14

Health: -7/67      AC:  8    Str: 14    XL:     9   Next: 62%
Magic:  5/16       EV: 12    Int: 15    God:    Makhleb [......]
Gold:   332        SH:  0    Dex: 12    Spells: 7/18 levels left

rFire    . . .     SeeInvis .   z - +0 long sword (holy)
rCold    . . .     Gourm    .   (no shield)
rNeg     . . .     Faith    .   D - +0 ring mail {rPois}
rPois    +         Spirit   .   g - +1 helmet
rElec    .         Reflect  .   (no cloak)
rCorr    .         Harm     +   (no gloves)
MR       +....                  (no boots)
Stlth    ++........             j - amulet of harm
Regen    0.3/turn               B - ring of protection from magic
MPRegen  0.2/turn               F - ring of stealth

@: singing, slow
A: +LOS, swims, slowness 1, strong legs 1
a: Hop, Renounce Religion


You were on level 7 of the Dungeon.
You worshipped Makhleb.
Makhleb was noncommittal.
You were not hungry.

You visited 2 branches of the dungeon, and saw 8 of its levels.
You also visited: Sewer.

You collected 332 gold pieces.

Inventory:

Hand Weapons
 a - a +0 mace
 d - a +0 hunting sling
 z - a +0 long sword of holy wrath (weapon)
Missiles
 l - 163 stones (quivered)
 t - 46 sling bullets
Armour
 g - a +1 helmet (worn)
 D - a +0 ring mail of poison resistance (worn)
Jewellery
 j - an amulet of harm (around neck)
 B - a ring of protection from magic (left hand)
 F - a ring of stealth (right hand)
Wands
 u - a wand of iceblast (15/15)
 v - a wand of lightning (3/15)
 x - a wand of confusion (30/48)
 A - a wand of polymorph (12/24)
 C - a wand of flame (17/48)
Scrolls
 e - 4 scrolls of blinking
 f - 7 scrolls of teleportation
 i - 4 scrolls of remove curse
 w - a scroll of fog {unknown}
 y - a scroll of immolation {unknown}
 E - a scroll of enchant weapon {unknown}
Potions
 b - a potion of mutation {unknown}
 h - 2 potions of resistance {unknown}
 n - a potion of degeneration {unknown}
 o - a potion of might {unknown}
 p - 2 potions of heal wounds {unknown}
 q - 2 potions of lignification {unknown}
 r - 3 potions of flight {unknown}
Books
 c - a book of Battle

   Spells                             Type                      Level
   a - Infusion                       Charms                       1
   b - Shroud of Golubria             Charms/Translocation         2
   c - Song of Slaying                Charms                       2
   d - Spectral Weapon                Hexes/Charms                 3
   e - Regeneration                   Charms/Necromancy            3
Comestibles
 k - 3 meat rations
 s - 3 bread rations


   Skills:
 + Level 4.9 Fighting
 * Level 8.6 Long Blades
 - Level 3.7 Maces & Flails
 + Level 0.2(1.4) Slings
 + Level 2.4 Throwing
 + Level 5.0 Armour
 + Level 3.7 Dodging
 + Level 1.2 Stealth
 * Level 5.0 Spellcasting
 + Level 0.4 Hexes
 * Level 6.3 Charms
 + Level 1.8 Translocations
 + Level 1.4 Evocations


You had 7 spell levels left.
You knew the following spells:

 Your Spells              Type           Power        Failure   Level  Hunger
a - Infusion              Chrm           ###.         2%          1    None
b - Shroud of Golubria    Chrm/Tloc      ###.......   9%          2    ##.....
c - Song of Slaying       Chrm           ###.....     3%          2    ##.....
d - Spectral Weapon       Hex/Chrm       ##......     22%         3    ###....
e - Regeneration          Chrm/Necr      ##........   26%         3    ###....


Dungeon Overview and Level Annotations

Branches:
Dungeon (7/15)             Temple (1/1) D:7

Altars:
Ashenzari
Cheibriados
Dithmenos
Elyvilon
Gozag
Hepliaklqana
Kikubaaqudgha
Makhleb
Nemelex Xobeh
Okawaru
Qazlal
Ru
Sif Muna
Trog
Uskayaw
Vehumet
Xom
Yredelemnul
Zin
The Shining One


Innate Abilities, Weirdness & Mutations

Shadows flee at your approach. (+LOS)
You can swim through water.
You cover ground slowly.
You can hop short distances.


Message History

Space distorts slightly along a thin shroud covering your body.
The orc warrior closely misses you.
The orc priest miscasts a cantrip.
You barely miss the orc warrior.
The orc warrior is almost dead.
The orc warrior hits you with a scimitar.
* * * LOW HITPOINT WARNING * * *
Your shroud falls apart!
An orc priest comes into view. It is wielding a flail of draining.
You closely miss the orc warrior.
The orc warrior is almost dead.
The orc warrior hits you with a scimitar.
* * * LOW HITPOINT WARNING * * *
You barely miss the orc priest.
You are no longer magically infusing your attacks.
The orc priest mumbles some strange prayers to Beogh against you.
Beogh smites you!
* * * LOW HITPOINT WARNING * * *
The orc priest hits you with a flail!
You die...

......,,,,,,...,,,,,,*,*
....#**,,***#o#*******,*
....# **,,,,...,,,,,,,,*
....# *,,**#.#*********
....#****,**#.#
....##(,..,*#.#
....##.....*#.#
....##(....##)######
>..###........oo@..#
...# #..........o..#
#### #####.........#
##........# #........#
#........# ###
#........# ..#
#####........#
#+#####...'..>.....#####


You could see an orc warrior and 2 orc priests.

Vanquished Creatures
  The ghost of Glalom the Basher, a novice MiFi (D:5)
  A hippogriff (D:6)
  Eustachio (D:4)
  A hungry ghost (D:7)
  Edmund (D:5)
  A black bear (D:3)
  A phantom (D:5)
  An ogre (D:7)
  A centaur (D:7)
  3 bullfrogs
  3 scorpions
  A howler monkey (D:6)
  3 crimson imps
  A bullfrog skeleton (D:6)
  A jelly (D:4)
  6 hounds
  An orc wizard (D:7)
  Jessica (D:3)
  Ijyb (D:3)
  An iguana (D:5)
  5 worker ants
  2 hound skeletons
  Robin (D:2)
  15 adders
  4 gnolls (D:4)
  2 adder zombies
  4 oozes
  2 adder skeletons
  4 worms
  A dart slug (D:1)
  6 leopard geckos
  10 orcs
  7 ball pythons
  9 giant cockroaches
  18 goblins
  9 hobgoblins
  9 kobolds
  5 quokkas
  8 bats
  4 frilled lizards
  A quokka zombie (D:7)
  6 rats
163 creatures vanquished.

Notes
Turn   | Place    | Note
-------+----------+-------------------------------------------
     0 | D:1      | KrissDaBro the Barachi Skald began the quest for the Orb.
     0 | D:1      | Reached XP level 1. HP: 17/17 MP: 3/3
   199 | D:1      | Reached XP level 2. HP: 23/23 MP: 1/5
   641 | D:1      | Reached XP level 3. HP: 27/28 MP: 3/6
  1250 | D:2      | Learned a level 2 spell: Shroud of Golubria
  1253 | D:2      | Learned a level 2 spell: Song of Slaying
  1323 | D:2      | Noticed Robin
  1458 | D:2      | Killed Robin
  1458 | D:2      | Reached XP level 4. HP: 27/34 MP: 0/7
  2330 | D:3      | Noticed Jessica
  2358 | D:3      | Killed Jessica
  2358 | D:3      | Reached skill level 1 in Throwing
  2358 | D:3      | Reached XP level 5. HP: 37/40 MP: 0/8
  3150 | D:3      | Noticed Ijyb
  3172 | D:3      | Killed Ijyb
  3172 | D:3      | Reached skill level 1 in Long Blades
  3176 | D:3      | Reached XP level 6. HP: 28/47 MP: 10/10
  3237 | D:3      | Reached skill level 2 in Long Blades
  3430 | D:3      | Found a shadowy altar of Dithmenos.
  3430 | D:3      | Found a hide-covered altar of Uskayaw.
  3453 | D:3      | Became a worshipper of Uskayaw the Reveler
  3503 | D:3      | Noticed a black bear
  3516 | D:3      | Reached * piety under Uskayaw
  3518 | D:3      | Reached ** piety under Uskayaw
  3523 | D:3      | Killed a black bear
  4135 | D:4      | Reached *** piety under Uskayaw
  4216 | D:4      | Learned a level 3 spell: Spectral Weapon
  4333 | D:4      | Reached skill level 3 in Long Blades
  4504 | D:4      | Noticed Eustachio
  4537 | D:4      | Killed Eustachio
  4537 | D:4      | Reached XP level 7. HP: 36/52 MP: 2/11
  4907 | D:4      | Reached skill level 4 in Long Blades
  5559 | D:5      | Entered Level 5 of the Dungeon
  5601 | D:5      | Noticed Glalom's ghost (novice MiFi)
  5637 | D:5      | Killed Glalom's ghost
  5637 | D:5      | Reached skill level 6 in Long Blades
  5637 | D:5      | Reached skill level 1 in Stealth
  5637 | D:5      | Reached skill level 5 in Charms
  5637 | D:5      | Reached skill level 1 in Translocations
  5637 | D:5      | Reached skill level 1 in Evocations
  5637 | D:5      | Reached XP level 8. HP: 4/60 MP: 2/13
  6214 | D:5      | Noticed Edmund
  6263 | D:5      | Killed Edmund
  6745 | D:5      | Reached **** piety under Uskayaw
  6746 | D:5      | Reached skill level 7 in Long Blades
  7400 | D:6      | Reached XP level 9. HP: 66/66 MP: 15/15
  7501 | D:6      | Found a glowing drain.
  7505 | Sewer    | Entered a sewer
  7922 | D:6      | Learned a level 3 spell: Regeneration
  8785 | D:6      | Reached skill level 8 in Long Blades
  9881 | D:7      | Found a staircase to the Ecumenical Temple.
  9888 | Temple   | Entered the Ecumenical Temple
 10092 | Temple   | Fell from the grace of Uskayaw
 10092 | Temple   | Became a worshipper of Makhleb the Destroyer
 11890 | D:7      | Reached skill level 5 in Spellcasting
 11904 | D:7      | Reached skill level 5 in Armour
 11981 | D:7      | HP: 1/67 [orc priest/divine providence (15)]
 11981 | D:7      | Mangled by an orc priest

Skill      XL: |  1  2  3  4  5  6  7  8  9 |
---------------+----------------------------+-----
Maces & Flails | 3 |  3.7
Armour         | 2 3 4 5 |  5.0
Throwing       | 1 2 |  2.4
Charms         | 4 5 6 |  6.3
Fighting       | 3 4 |  4.9
Long Blades    | 1 3 6 7 8 |  8.6
Dodging        | 3 |  3.7
Spellcasting   | 3 4 5 |  5.0
Stealth        | 1 |  1.2
Translocations | 1 |  1.8
Evocations     | 1 |  1.4
Slings         | |  0.2
Hexes          | |  0.4

Action                   |  1- 3 |  4- 6 |  7- 9 || total
-------------------------+-------+-------+-------++-------
Melee: Mace              |   122 |    70 |       ||   192
       Long sword        |       |   132 |   303 ||   435
 Fire: Hunting sling     |       |     8 |       ||     8
Throw: Stone             |    30 |    71 |    38 ||   139
 Cast: Infusion          |    21 |    15 |    11 ||    47
       Shroud of Golubri |     4 |    11 |    12 ||    27
       Song of Slaying   |       |     2 |     8 ||    10
       Spectral Weapon   |       |       |     4 ||     4
       Regeneration      |       |       |     2 ||     2
Invok: Stomp             |       |     4 |     3 ||     7
 Abil: Hop               |     3 |     1 |       ||     4
Evoke: Wand              |       |     4 |    15 ||    19
  Use: Potion            |     3 |     3 |       ||     6
       Scroll            |       |     6 |     9 ||    15
 Stab: Paralysed         |       |     1 |     2 ||     3
       Confused          |       |       |     1 ||     1
  Eat: Chunk             |     1 |     3 |     3 ||     7
       Bread ration      |     1 |       |     2 ||     3
       Fruit             |       |     4 |     4 ||     8
       Meat ration       |       |     1 |     3 ||     4
       Royal jelly       |       |       |     2 ||     2
Armor: Leather armour    |     8 |       |       ||     8
       Ring mail         |    37 |   104 |    95 ||   236
       Chain mail        |       |    26 |       ||    26
Dodge: Dodged            |    99 |   189 |   172 ||   460
       Rpst.: Long sword |       |    30 |    61 ||    91
